 Dungeon Crawl Stone Soup version 0.19-a0-517-gd6a9987 (webtiles) character file.

17261 Enish the Cleaver (level 12, -18/56 HPs)
             Began as a Vine Stalker Berserker on June 6, 2016.
             Was a High Priest of Trog.
             Demolished by an orc knight
             ... wielding a +0 glaive
              (34 damage)
             ... on level 2 of the Orcish Mines.
             The game lasted 00:50:02 (6415 turns).

Enish the Cleaver (Vine Stalker Berserker)          Turns: 6415, Time: 00:50:02

Health: -18/56     AC: 22    Str: 26    XL:     12   Next: 46%
Magic:  0/18       EV: 11    Int:  7    God:    Trog [*****.]
Gold:   211        SH:  5    Dex: 16    Spells: 0 memorised, 11 levels left

rFire  . . .     SeeInvis +     Y - +3 war axe (chop)
rCold  + . .     Gourm    .     I - +7 Kryia's mail coat {DeviceHeal*2 rC+}
rNeg   . . .     Faith    .     n - +0 buckler
rPois  .         Spirit   +     (no helmet)
rElec  .         Dismiss  .     r - +0 cloak
rCorr  +         Reflect  .     C - +2 pair of gloves {Str+3}
SustAt .         Harm     .     i - +0 pair of boots {Fly}
MR     +....                    v - amulet of rage
Stlth  ..........               e - ring of resist corrosion (curse)
                                R - ring of see invisible

@: flying, somewhat resistant to hostile enchantments, extremely unstealthy
A: fangs 3, regeneration 3, magic shield, antimagic bite, no device heal 3, rot
immunity
a: Berserk, Trog's Hand, Brothers in Arms, Burn Spellbooks, Renounce Religion,
Evoke Berserk Rage, Stop Flying


You were on level 2 of the Orcish Mines.
You worshipped Trog.
Trog was extremely pleased with you.
You were very hungry.

You visited 3 branches of the dungeon, and saw 16 of its levels.

You collected 1424 gold pieces.
You spent 1213 gold pieces at shops.

Inventory:

Hand Weapons
 a - a +0 hand axe
 U - a +0 war axe
 V - a +0 blowgun
 Y - a +3 war axe of chopping (weapon)
Missiles
 j - 8 needles of frenzy
 m - 79 arrows
 q - 5 needles of sleeping
 s - 6 curare-tipped needles
 K - 4 javelins (quivered)
 P - 11 needles of confusion
Armour
 i - a +0 pair of boots of flying (worn)
 n - a +0 buckler (worn)
 r - a +0 cloak (worn)
 C - a +2 pair of gloves of strength (worn)
 I - the +7 Kryia's mail coat (worn) {DeviceHeal*2 rC+}
   (You bought it in a shop on level 2 of the Orcish Mines)

   It protects you from cold.
Jewellery
 b - a +3 ring of dexterity
 e - a cursed ring of resist corrosion (right hand)
 k - an uncursed ring of sustain attributes
 v - an amulet of rage (around neck)
 F - an uncursed ring of protection from cold
 G - an uncursed ring of poison resistance
 R - a ring of see invisible (left hand)
Wands
 t - a wand of enslavement (15/24)
 E - a wand of paralysis (14/24)
 L - a wand of confusion (45/48)
 N - a wand of slowing (16/48)
 Q - a wand of acid (0/15)
 T - a wand of iceblast (8/15)
Scrolls
 o - 6 scrolls of remove curse
 u - 2 scrolls of teleportation
 y - 2 scrolls of immolation
 z - 2 scrolls of enchant armour
 A - 3 scrolls of blinking
 H - a scroll of recharging
 M - a scroll of magic mapping
 W - 3 scrolls of identify
 Z - a scroll of fog
Potions
 d - 2 potions of degeneration
 g - 2 potions of resistance
 h - 4 potions of might
 l - a potion of heal wounds
 p - a potion of ambrosia
 x - a potion of flight
 J - 4 potions of curing
Books
 w - a book of Dreams

   Spells                             Type                      Level
   a - Ensorcelled Hibernation        Hexes/Ice                    2
   b - Silence                        Hexes/Air                    5
   c - Darkness                       Hexes                        6
   d - Shadow Creatures               Summoning                    6
   Trog disapproves of the use of such an item.
Comestibles
 c - 9 bread rations
 B - 5 fruits
 D - a meat ration


   Skills:
 - Level 2.6 Fighting
 - Level 12.0 Axes
 - Level 2.1 Throwing
 * Level 10.5 Armour
 - Level 1.5 Dodging
 - Level 4.0 Shields
 - Level 7.0 Evocations


You had 11 spell levels left.
You didn't know any spells.

Dungeon Overview and Level Annotations

Branches:
Dungeon (11/15)            Temple (0/1) D:6            Lair (3/8) D:9
    Orc (2/2) D:9             Elf (0/3) Orc:2
  Swamp: Lair:3-6    Shoals: Lair:3-6     Snake: Lair:3-6    Spider: Lair:3-6

Altars:
Cheibriados
Gozag
Pakellas
Qazlal
Ru
Sif Muna
Uskayaw
Vehumet
Yredelemnul
The Shining One
Beogh

Shops:
D:7 !   Orc:2 *:(


Innate Abilities, Weirdness & Mutations

You have razor-sharp teeth.
You regenerate.
When hurt, damage is shared between your health and your magic reserves.
Your bite disrupts and absorbs the magic of your enemies.
Potions and wands cannot restore your health.
You are immune to rotting.


Message History

Your ogre hits the orc knight with a giant club!!
The orc knight dies!
Trog accepts your kill.
You hit the orc sorcerer but do no damage.
Your bite misses the orc sorcerer.
The orc sorcerer is moderately wounded.
You hit the fungus.
The fungus is almost destroyed.
You slash the fungus!
You destroy the fungus!
The red devil disappears in a puff of smoke!
Your deep troll bites the orc sorcerer!!
The orc sorcerer dies!
Trog accepts your kill.
Trog appreciates your killing of a magic user.
Your deep troll bites the orc knight!
Your deep troll claws the orc knight.
Your deep troll claws the orc knight!!
The orc knight hits you from afar with a glaive!!!
Ouch! That really hurt!
You die...

##....##...$.... .$.....
#......#..#...$. .....PP
..............#.#......P
...............#..P.P...
..............#.........
.................P......
##....)........).P§P.∩..
.#.#.))).......O@)).....
.....).)......(.†To.8...
.......†................
..............#..)Ph....
>.......................
........................
........................
..#.....................
.......................


You could see an orc knight, a warg, a friendly deep troll (berserk) and a
friendly ogre (berserk).

Vanquished Creatures
  A hydra (Lair:2)
  2 unseen horrors
  A hill giant (D:10)
  A griffon (D:10)
  A cyclops (Orc:1)
  Psyche (D:9)
  A gargoyle (D:9)
  6 spiny frogs
  3 komodo dragons (Lair:1)
  10 yaks
  Grum (D:8)
  A hippogriff (Lair:2)
  A warg (Orc:2)
  3 water moccasins
  2 porcupines
  12 orc warriors
  A phantom (D:5)
  An ice beast (D:3)
  A black bear (D:7)
  A necrophage (D:8)
  A sky beast (D:9)
  5 ogres
  4 wolves
  3 centaurs
  7 crocodiles
  A big kobold (D:10)
  4 giant frogs
  4 scorpions
  A water moccasin skeleton (D:8)
  6 killer bees
  4 wights (D:9)
  2 howler monkeys
  3 crimson imps
  A centaur zombie (D:7)
  2 jellies
  10 orc priests
  4 hounds
  A wasp zombie (D:9)
  18 orc wizards
  3 iguanas
  6 worker ants
  12 sheep (Lair:2)
  2 hound skeletons
  A worker ant zombie (D:10)
  9 adders
  13 river rats
  3 shadow imps
  2 adder zombies
  2 dart slugs
  4 giant geckos
  41 orcs
  5 bats
  A giant cockroach (D:4)
  3 goblins
  4 hobgoblins
  4 jackals (D:3)
  14 kobolds
  4 quokkas
  2 ball pythons (D:2)
  A giant gecko skeleton (D:8)
  7 giant newts
  6 rats
  9 fungi
290 creatures vanquished.

Vanquished Creatures (collateral kills)
  An orc warlord (Orc:2)
  2 orc high priests (Orc:2)
  Sonja (Lair:2)
  2 orc knights (Orc:2)
  An orc sorcerer (Orc:2)
  A troll (Orc:2)
  A warg (Orc:2)
  4 orc warriors (Orc:2)
13 creatures vanquished.

Vanquished Creatures (others)
  2 fungi
  2 plants
4 creatures vanquished.

Grand Total: 307 creatures vanquished

Notes
Turn   | Place    | Note
--------------------------------------------------------------
     0 | D:1      | Enish the Vine Stalker Berserker began the quest for the Orb.
     0 | D:1      | Reached XP level 1. HP: 11/11 MP: 2/2
   117 | D:3      | Reached skill level 3 in Axes
   132 | D:3      | Found a snail-covered altar of Cheibriados.
   175 | D:2      | Reached XP level 2. HP: 16/16 MP: 3/3
   431 | D:2      | Reached XP level 3. HP: 19/19 MP: 4/4
   437 | D:2      | Reached skill level 4 in Axes
   567 | D:2      | Reached ** piety under Trog
   567 | D:2      | Reached XP level 4. HP: 16/23 MP: 5/5
   572 | D:2      | Found an opulent altar of Gozag.
   785 | D:3      | Reached skill level 1 in Shields
   788 | D:3      | Reached XP level 5. HP: 24/27 MP: 6/6
  1181 | D:3      | Found a glowing golden altar of the Shining One.
  1221 | D:3      | Noticed an ice beast
  1231 | D:3      | Killed an ice beast
  1231 | D:3      | Reached skill level 5 in Axes
  1231 | D:3      | Gained mutation: You heal very quickly. [Vine Stalker growth]
  1231 | D:3      | Reached XP level 6. HP: 32/32 MP: 5/7
  1508 | D:5      | Entered Level 5 of the Dungeon
  1530 | D:5      | Found a sacrificial altar of Ru.
  1814 | D:5      | Reached skill level 6 in Axes
  1900 | D:5      | Reached XP level 7. HP: 35/35 MP: 8/8
  1932 | D:5      | Found an oddly glowing altar of Pakellas.
  1935 | D:5      | Found a basalt altar of Yredelemnul.
  1938 | D:5      | Found a radiant altar of Vehumet.
  1941 | D:5      | Found a deep blue altar of Sif Muna.
  1985 | D:5      | Found a stormy altar of Qazlal.
  2148 | D:6      | Found a staircase to the Ecumenical Temple.
  2302 | D:6      | Found a hide-covered altar of Uskayaw.
  2357 | D:5      | Reached skill level 7 in Axes
  2570 | D:7      | Reached *** piety under Trog
  2570 | D:7      | Gained mutation: You have razor-sharp teeth. [Vine Stalker growth]
  2570 | D:7      | Reached XP level 8. HP: 35/39 MP: 9/9
  2766 | D:7      | Reached skill level 8 in Axes
  2884 | D:7      | Found Poocyan's Distillery.
  2892 | D:7      | Bought 2 potions of might for 96 gold pieces
  2892 | D:7      | Bought a potion of might for 48 gold pieces
  2892 | D:7      | Bought a potion of curing for 36 gold pieces
  2892 | D:7      | Bought a potion of curing for 36 gold pieces
  2985 | D:7      | Reached skill level 1 in Throwing
  3128 | D:9      | Reached skill level 9 in Axes
  3252 | D:8      | Noticed Grum
  3257 | D:8      | Reached XP level 9. HP: 43/43 MP: 10/10
  3268 | D:8      | Killed Grum
  3277 | D:8      | Reached skill level 10 in Axes
  3732 | D:10     | Entered Level 10 of the Dungeon
  3756 | D:9      | Found a stormy altar of Qazlal.
  3776 | D:9      | Found a staircase to the Orcish Mines.
  3887 | D:9      | Reached **** piety under Trog
  3980 | D:9      | Noticed Psyche
  3995 | D:9      | Killed Psyche
  3995 | D:9      | Reached skill level 11 in Axes
  4052 | D:9      | Found a staircase to the Lair.
  4118 | Lair:1   | Entered Level 1 of the Lair of Beasts
  4172 | Lair:1   | Reached XP level 10. HP: 38/47 MP: 9/11
  4182 | Lair:1   | Noticed a spiny frog
  4191 | Lair:1   | Killed a spiny frog
  4240 | Lair:1   | Noticed a spiny frog
  4249 | Lair:1   | Killed a spiny frog
  4295 | Lair:1   | Reached skill level 12 in Axes
  4295 | Lair:1   | Reached skill level 5 in Armour
  4369 | Lair:1   | Reached skill level 1 in Evocations
  4389 | Lair:1   | Reached ***** piety under Trog
  4395 | Lair:1   | Noticed a spiny frog
  4459 | Lair:1   | Noticed a spiny frog
  4467 | Lair:1   | Killed a spiny frog
  4501 | Lair:2   | Noticed a six-headed hydra
  4516 | Lair:2   | Killed a 14-headed hydra
  4516 | Lair:2   | Reached XP level 11. HP: 19/51 MP: 14/14
  4645 | Lair:1   | Noticed an eight-headed hydra
  4838 | Lair:2   | Reached skill level 5 in Evocations
  4962 | Lair:2   | Noticed Sonja
  4975 | Lair:2   | Killed Sonja
  5007 | Lair:2   | Received a gift from Trog
  5285 | D:10     | Noticed a griffon
  5296 | D:10     | Killed a griffon
  5337 | D:10     | Noticed a hill giant
  5344 | D:10     | Killed a hill giant
  5396 | D:10     | Noticed an unseen horror
  5403 | D:10     | Killed an unseen horror
  5577 | D:11     | Noticed an unseen horror
  5605 | D:11     | Killed an unseen horror
  5740 | Orc:1    | Entered Level 1 of the Orcish Mines
  5754 | Orc:1    | Noticed a cyclops
  5762 | Orc:1    | Killed a cyclops
  5762 | Orc:1    | Gained mutation: You regenerate. [Vine Stalker growth]
  5762 | Orc:1    | Reached XP level 12. HP: 56/56 MP: 18/18
  5851 | Orc:1    | Found a roughly hewn altar of Beogh.
  6037 | Orc:2    | Entered Level 2 of the Orcish Mines
  6047 | Orc:1    | Received a gift from Trog
  6123 | Orc:2    | Found Zuasch's General Store.
  6124 | Orc:2    | Noticed an orc high priest
  6143 | Orc:2    | Killed an orc high priest
  6225 | Orc:2    | Found Yczownoh's Book Emporium.
  6317 | Orc:2    | Bought a +0 pair of boots of flying for 172 gold pieces
  6317 | Orc:2    | Bought the +7 Kryia's mail coat {DeviceHeal*2 rC+} for 795 gold pieces
  6317 | Orc:2    | Bought a scroll of fog for 30 gold pieces
  6358 | Orc:2    | Found a staircase to the Elven Halls.
  6404 | Orc:2    | Noticed an orc warlord
  6405 | Orc:2    | Found Emicauh's Antique Weapon Shoppe.
  6407 | Orc:2    | Noticed an orc high priest
  6411 | Orc:2    | Killed an orc warlord
  6411 | Orc:2    | Reached skill level 10 in Armour
  6414 | Orc:2    | Killed an orc high priest
  6415 | Orc:2    | Demolished by an orc knight

Vault maps used:
D:1:      elethiomel_arrival_quiet, serial_bayou_crossing
D:2:      grunt_gozag_statues
D:3:      forest_paths, nicolae_tso_carved_into_rock,
          nicolae_overflow_crystal_walls
D:4:      first_bread
D:5:      nicolae_overflow_hidden_temple, grunt_temple_overflow_cloverleaf,
          nicolae_qazlal_eye_of_the_storm
D:6:      lemuel_crystal_altar, minmay_temple_entry_large_hall, serial_shops,
          nicolae_shop_behind_doors, grunt_dithmenos_shadows
D:7:      serial_shops, shop_fountains
D:8:      uniq_grum
D:9:      kennysheep_mini_moat, due_lair_maze_entry_diamond, orc_0_dummy,
          grunt_livestock, uniq_psyche
D:10:     kennysheep_generic_room_11
Lair:1:   beast_lair_carwin_4, lemuel_fruit_fields, grunt_megastairs_3,
          serial_bayou_shore_b
Lair:2:   uniq_sonja
Lair:3:   serial_bayou_shore_b
Orc:1:    basic_altar, uniq_fannar
Orc:2:    grunt_orc_gardens, grunt_orc_garden, grunt_orc_garden,
          grunt_orc_garden, grunt_orc_garden, serial_shops, shop_coins,
          nicolae_volcano_entry_hallway

Skill      XL: |  1  2  3  4  5  6  7  8  9 10 11 12 |
---------------+-------------------------------------+-----
Axes           | 3 4 5 6 7 9 11 12 | 12.0
Shields        | 1 2 3 4 |  4.0
Throwing       | 2 |  2.1
Armour         | 3 6 8 10 | 10.5
Evocations     | 3 7 |  7.0
Fighting       | |  2.6
Dodging        | |  1.5

Action                   |  1- 3 |  4- 6 |  7- 9 | 10-12 || total
-------------------------+-------+-------+-------+-------++-------
Melee: Hand axe          |    67 |   105 |   332 |   363 ||   867
       Bite              |    17 |    32 |   122 |   188 ||   359
       War axe           |       |       |       |    64 ||    64
Throw: Javelin           |       |       |       |     3 ||     3
Invok: Berserk           |     1 |     2 |     7 |    10 ||    20
       Trog's Hand       |       |     1 |       |       ||     1
       Burn Spellbooks   |       |       |     1 |       ||     1
       Brothers in Arms  |       |       |       |     5 ||     5
Evoke: Wand              |       |       |       |     3 ||     3
  Use: Scroll            |     4 |     4 |     6 |     3 ||    17
  Eat: Chunk             |       |     2 |     6 |     9 ||    17
       Meat ration       |       |     1 |     1 |     2 ||     4
       Beef jerky        |       |     1 |     1 |       ||     2
Armor: Ring mail         |    26 |    29 |    80 |       ||   135
       Animal skin       |     1 |       |       |       ||     1
       Chain mail        |       |       |    18 |   169 ||   187
       Scale mail        |       |       |       |    14 ||    14
Dodge: Dodged            |    43 |    46 |   139 |   105 ||   333
Block: Buckler           |     9 |    17 |    59 |    76 ||   161
